 Dungeon Crawl Stone Soup version 0.28-a0-1444-g6c55d0bc0c (webtiles) character file.

Game seed: 17681701130259797431

89 Deminshera the Bolt Thrower (level 4, -2/38 HPs)
             Began as a Naga Arcane Marksman on Jan 10, 2022.
             Slain by a goblin (3 damage)
             ... led by Robin
             ... on level 2 of the Dungeon.
             The game lasted 00:02:20 (2568 turns).

Deminshera the Bolt Thrower (Naga Arcane Marksman)  Turns: 2568, Time: 00:02:20

Health: -2/38      AC:  2    Str: 12    XL:     4   Next: 55%
Magic:  6/6        EV:  9    Int: 16    God:
Gold:   104        SH:  0    Dex: 11    Spells: 2/6 levels left

rFire   . . .      SeeInvis +   c - +1 dagger (venom)
rCold   . . .      Faith    .   (no shield)
rNeg    . . .      Spirit   .   d - +0 robe
rPois   +          Reflect  .   (no helmet)
rElec   .          Harm     .   (no cloak)
rCorr   .          Rampage  .   (no gloves)
Will    .....                   (no barding)
Stlth   +.........              (no amulet)
HPRegen 0.12/turn               (no ring)
MPRegen 0.10/turn               (no ring)

@: short of breath, very slow
A: AC +1, large, see invisible, deformed body, poison resistance, slowness 2,
spit poison 1, naga tail 1
a: Spit Poison


You were on level 2 of the Dungeon.
You visited 1 branch of the dungeon, and saw 3 of its levels.

You collected 104 gold pieces.

Inventory:

Hand Weapons
 a - a +0 hand crossbow
 c - a +1 dagger of venom (weapon)
Missiles
 l - 5 bolts
Armour
 d - a +0 robe (worn)
Scrolls
 e - a scroll of fear {unknown}
 i - a scroll of teleportation {unknown}
 m - a scroll of identify {unknown}
Potions
 b - a potion of curing {unknown}
 f - 2 potions of flight {unknown}
 g - a potion of ambrosia {unknown}
 h - a potion of attraction {unknown}
 j - a potion of invisibility {unknown}
 k - a potion of brilliance {unknown}


   Skills:
 - Level 1.0 Fighting
 + Level 3.4 Crossbows
 - Level 1.5 Dodging
 + Level 1.5 Spellcasting
 + Level 3.3 Hexes
 + Level 1.1 Fire Magic


You had 2 spell levels left.
You knew the following spells:

 Your Spells              Type           Power      Damage    Failure   Level
a - Slow                  Hex            44%        N/A       5%          1
b - Inner Flame           Hex/Fire       8%         N/A       26%         3

Your spell library contained the following spells:

 Spells                   Type           Power      Damage    Failure   Level
 Magic Dart               Conj           4%         1d3       22%         1
 Call Imp                 Summ           1%         N/A       32%         2
 Portal Projectile        Hex/Tloc       12%        N/A       32%         3
 Cause Fear               Hex            5%         N/A       50%         4
 Mephitic Cloud           Conj/Pois/Air  1%         N/A       54%         3
 Hailstorm                Conj/Ice       1%         3d3       91%         4
 Ice Form                 Ice/Tmut       1%         N/A       91%         4
 Simulacrum               Ice/Necr       0%         N/A       100%        6


Dungeon Overview and Level Annotations

Branches:
Dungeon (3/15)

Altars:

Shops:
D:2 *

Annotations:
D:3 Robin


Innate Abilities, Weirdness & Mutations

Your serpentine skin is tough. (AC +1)
You have supernaturally acute eyesight. (SInv)
Armour fits poorly on your strangely shaped body.
Your system is resistant to poisons. (rPois)
You cover ground very slowly.
You can spit poison.
You have a snake-like lower body.


Message History

The hobgoblin closely misses you. The goblin hits you with a +0 dagger.
There is a stone staircase leading up, spattered with blood here.
You see here a +0 dagger.
The goblin hits you with a +0 dagger.
The hobgoblin hits you but does no damage.
Robin throws the goblin at you! The goblin barely misses you.
You climb upwards.
The goblin falls through a shaft!
The shaft crumbles and collapses.
There is a stone staircase leading down here.
You kill the hobgoblin!
The hobgoblin hits you but does no damage.
The goblin hits you with a +0 dagger. The hobgoblin closely misses you.
The goblin misses you. The goblin hits you with a +0 dagger.
* * * LOW HITPOINT WARNING * * *
The hobgoblin closely misses you. The goblin hits you but does no damage.
The goblin no longer looks unusually strong.
The hobgoblin closely misses you.
The hobgoblin no longer looks unusually strong.
Aiming: Spit Poison (1% risk of failure)
Press: ? - help, Shift-Dir - straight line, f - hobgoblin
Aim: a hobgoblin (59% to hit)
The splash of poison hits the hobgoblin!
The hobgoblin is poisoned.
You kill the hobgoblin!
You are too injured to fight recklessly!
You are too injured to fight recklessly!
You are too injured to fight recklessly!
You are too injured to fight recklessly!
You are too injured to fight recklessly!
You are too injured to fight recklessly!
You are too injured to fight recklessly!
You miss the goblin. The goblin hits you with a +0 dagger.
* * * LOW HITPOINT WARNING * * *
You hit the goblin but do no damage.
The goblin is poisoned.
The goblin hits you with a +0 dagger.
* * * LOW HITPOINT WARNING * * *
You closely miss the goblin. The goblin hits you with a +0 dagger.
You die...

########.♣♣♣♣♣♣## #.#.(.....#
................###.....##.##
.........♣♣♣♣♣♣...########..#
....P.....#######.# #.##
....PP♣♣....#...#.# #.#
....♣♣♣♣.P.[P.....# #.#
###..P♣...♣.....### #.#
#P...♣..♣♣P.P### #.#
##.......♣....@# #.#
##.....P♣♣..#g# #.#
#.........##.# #.#
#......P.....# ##.##
#.....#.#..### #...#
###########.#..# #.###
#.........).#..## #####.#
#...........##..# #.....#
#...........'..># #.##..#


You could see a goblin (very poisoned).

Vanquished Creatures
  2 adders (D:2)
  3 worms (D:2)
  A dart slug (D:1)
  4 orcs (D:2)
  2 bats
  7 endoplasms
  A giant cockroach (D:1)
  5 goblins
  9 hobgoblins (D:2)
  7 jackals
  2 kobolds (D:2)
  A quokka (D:1)
  A ball python (D:1)
  3 frilled lizards
  4 rats
52 creatures vanquished.

Vanquished Creatures (others)
  4 plants (D:2)
4 creatures vanquished.

Grand Total: 56 creatures vanquished

Notes
Turn   | Place    | Note
-------+----------+-------------------------------------------
     0 | D:1      | Deminshera the Naga Arcane Marksman began the quest for the
                  | Orb.
     0 | D:1      | Reached XP level 1. HP: 18/18 MP: 2/2
   366 | D:1      | Found a faded altar of an unknown god.
   376 | D:1      | Reached XP level 2. HP: 20/25 MP: 3/3
   921 | D:1      | Reached XP level 3. HP: 27/31 MP: 4/4
  1239 | D:1      | Learned a level 3 spell: Inner Flame
  1586 | D:2      | Found Ebbattel's Assorted Antiques.
  1646 | D:2      | Reached XP level 4. HP: 38/38 MP: 5/5
  2194 | D:2      | Reached skill level 1 in Fire Magic
  2549 | D:3      | Noticed Robin
  2567 | D:2      | HP: 1/38 [goblin[Robin] (4)]
  2568 | D:2      | Slain by a goblin

Illustrated notes

Levels and vault maps discovered:
D:1:      enne_arrival_octagon_isle, layout_rooms,
          shapermc_ecumenical_altar_starsandcircs
D:2:      layout_basic, serial_forest, infiniplex_forest_lined_room_2,
          infiniplex_forest_lined_room_2, infiniplex_forest_clump_double,
          infiniplex_forest_clump_cross, infiniplex_forest_straight_2,
          infiniplex_forest_clump_diagonal, infiniplex_forest_straight_2,
          infiniplex_forest_lined_2, serial_shops, shop_statue
D:3:      layout_basic, hangedman_ru_absence, uniq_robin, uniq_sigmund,
          uniq_pargi

Skill      XL: |  1  2  3  4 |
---------------+-------------+-----
Crossbows      | 2 3 |  3.4
Fire Magic     | 1 |  1.1
Fighting       | |  1.0
Dodging        | |  1.5
Spellcasting   | |  1.5
Hexes          | |  3.3

Action                   |  1- 3 |  4- 6 || total
-------------------------+-------+-------++-------
Melee: Dagger            |       |    45 ||    45
       Punch             |       |     1 ||     1
 Fire: Hand crossbow     |   101 |     1 ||   102
 Abil: Spit Poison       |       |     2 ||     2
 Stab: Sleeping          |       |     1 ||     1
Armor: Robe              |    12 |    10 ||    22
Dodge: Dodged            |    19 |    25 ||    44

Table legend: (Time is in decaauts)
 A = Elapsed time spent in this place.
 B = Non-inter-level travel time spent in this place.
 C = Inter-level travel time spent in this place.
 D = Time resting spent in this place.
 E = Time spent auto-exploring this place.
 F = Levels seen in this place.
 G = Mean time per level.
                   A        B        C        D        E       F      G
               +--------+--------+--------+--------+--------+-----+--------+
         Total |   2998 |   2886 |    112 |    564 |   1953 |   3 |  999.3 |
       Dungeon |   2998 |   2886 |    112 |    564 |   1953 |   3 |  999.3 |
               +--------+--------+--------+--------+--------+-----+--------+

Top non-repeatable levels by time:
     D:2: 1536 daAuts
     D:1: 1454 daAuts
     D:3: 7 daAuts
